 Dungeon Crawl Stone Soup version 0.20.2-3-g29329e0561 (webtiles) character file.

905 MordorOrchid the Sneak (level 8, 0/50 HPs)
             Began as an Octopode Earth Elementalist on May 7, 2022.
             Killed by divine providence
             ... invoked by an orc priest
              (8 damage)
             ... on level 4 of the Dungeon.
             The game lasted 00:21:32 (2536 turns).

MordorOrchid the Sneak (OpEE)                       Turns: 2536, Time: 00:21:32

Health: 0/50       AC:  1    Str:  7    XL:     8   Next: 8%
Magic:  8/14       EV: 14    Int: 20    God:
Gold:   120        SH:  0    Dex: 12    Spells: 5/15 levels left

rFire    . . .     SeeInvis .   j - +2 shortbow (flame)
rCold    . . .     Gourm    .   (shield currently unavailable)
rNeg     . . .     Faith    .   (helmet restricted)
rPois    .         Spirit   .   (no amulet)
rElec    .         Reflect  .   (no ring)
rCorr    .         Harm     .   (no ring)
MR       .....                  (no ring)
Stlth    ++++......             (no ring)
Regen    0.2/turn               (no ring)
MPRegen  0.2/turn               (no ring)
                                (no ring)
                                (no ring)

@: no status effects
A: almost no armour, stealthy swim, amphibious, 8 rings, constrict 8, camouflage
1, gelatinous body 1
a: no special abilities


You were on level 4 of the Dungeon.
You were not hungry.

You visited 1 branch of the dungeon, and saw 5 of its levels.
You also visited: Sewer.

You collected 120 gold pieces.

Inventory:

Hand Weapons
 j - a +2 shortbow of flaming (weapon)
 l - a +0 hunting sling
 n - a +4 quarterstaff of chaos
 y - a +2 short sword of draining
Missiles
 a - 5 sling bullets
 b - 126 stones
 h - 71 arrows (quivered)
 o - 23 bolts
 t - 5 tomahawks
Armour
 q - a +0 buckler
Wands
 w - a wand of iceblast (2/15)
 x - a wand of polymorph (5/24)
Scrolls
 f - 2 scrolls of recharging {unknown}
 k - a scroll of fog {unknown}
 m - a scroll of enchant armour {unknown}
 s - a scroll of remove curse {unknown}
 z - 2 scrolls of enchant weapon {unknown}
 A - a scroll of teleportation {unknown}
 C - 2 scrolls of blinking {unknown}
 F - a scroll of fear {unknown}
Potions
 e - a potion of haste
 r - a potion of lignification {unknown}
 v - a potion of agility {unknown}
 B - a potion of magic {unknown}
 D - a potion of heal wounds {unknown}
 E - a potion of curing
 G - a potion of might {unknown}
Books
 d - a book of Geomancy

   Spells                             Type                      Level
   a - Sandblast                      Earth                        1
   b - Passwall                       Transmutation/Earth          2
   c - Stone Arrow                    Conjuration/Earth            3
   d - Petrify                        Transmutation/Earth          4
   e - Lee's Rapid Deconstruction     Earth                        5
Comestibles
 c - 4 bread rations
 g - 2 meat rations
 i - 3 royal jellies
 p - 2 chunks of flesh
 u - 3 fruits


   Skills:
 - Level 2.1 Fighting
 * Level 2.4 Short Blades
 * Level 2.8 Dodging
 * Level 4.9 Stealth
 * Level 1.9 Shields
 * Level 4.3 Spellcasting
 * Level 2.2 Conjurations
 * Level 2.4 Transmutations
 * Level 4.8 Earth Magic
 * Level 1.3 Evocations


You had 5 spell levels left.
You knew the following spells:

 Your Spells              Type           Power        Failure   Level  Hunger
a - Sandblast             Erth           ###...       1%          1    None
b - Passwall              Tmut/Erth      ###.......   4%          2    #......
d - Petrify               Tmut/Erth      ###.....     28%         4    ####...
f - Stone Arrow           Conj/Erth      ###...       9%          3    ###....


Dungeon Overview and Level Annotations

Branches:
Dungeon (5/15)
 Temple: D:4-7

Altars:

Annotations:
D:3 1 exclusion
D:4 jaiteiro's ghost, novice CeFi


Innate Abilities, Weirdness & Mutations

You cannot wear most types of armour.
You are very stealthy in the water. (Stealth+)
You are amphibious.
You can wear up to eight rings at the same time.
You can use your tentacles to constrict eight enemies at once.
Your skin changes colour to match your surroundings (Stealth+).
Your rubbery body absorbs attacks. (AC +1, EV +1)


Message History

The orc priest hits you.
Casting: Sandblast
Confirm with . or Enter, or press ? or * to list all spells.
Aiming: Sandblast
Press: ? - help, Shift-Dir - straight line, f/p - orc priest
Aim: an orc priest, wearing a scale mail (moderately wounded)
The blast of sand misses the orc priest.
b - 126 stones The orc priest invokes the aid of Beogh against you.
Beogh smites you!
* * * LOW HITPOINT WARNING * * *
Evoke which item? (* to show all) (? for menu, Esc to quit)
Aiming: Iceblast
Press: ? - help, Shift-Dir - straight line, p - orc priest The mass of ice explodes!
The iceblast engulfs the orc priest.
The orc priest is severely wounded.
This wand has 2 charges left.
The orc priest mumbles some strange prayers to Beogh against you.
Beogh smites you!
You die...

# #..............# .#.
#........[.....# ....
#..............#
#..##..............## ...
#........o........... ....
##.###................
.....#.....####............
.....#....o# ##.....###...
.....#....@#####.....# ###
...........†..<#######
###...........#
#...........# #...........#
#...........#
##..........###
#..)#........#
##..#........#


You could see an orc priest.

Vanquished Creatures
  Duvessa (D:4)
  Purgy (Sewer)
  A centaur (D:5)
  Dowan (D:4)
  2 scorpions (D:5)
  A crimson imp (D:5)
  2 hounds (D:4)
  An orc wizard (D:4)
  Crazy Yiuf (D:3)
  A gnoll shaman (D:4)
  Ijyb (D:3)
  Robin (D:3)
  10 adders
  6 gnolls
  2 oozes
  2 dart slugs (D:3)
  10 leopard geckos
  7 orcs
  9 giant cockroaches
  9 goblins
  7 hobgoblins
  11 kobolds
  2 quokkas
  2 ball pythons
  A bat (D:3)
  7 frilled lizards
  5 rats
104 creatures vanquished.

Notes
Turn   | Place    | Note
-------+----------+-------------------------------------------
     0 | D:1      | MordorOrchid the Octopode Earth Elementalist began the quest for the Orb.
     0 | D:1      | Reached XP level 1. HP: 11/11 MP: 3/3
   123 | D:1      | Reached XP level 2. HP: 16/17 MP: 3/5
   333 | D:1      | Learned a level 2 spell: Passwall
   415 | D:2      | Reached XP level 3. HP: 22/22 MP: 3/6
   656 | D:2      | Learned a level 3 spell: Stone Arrow
   742 | D:2      | Reached XP level 4. HP: 27/27 MP: 5/8
   811 | D:3      | Reached skill level 1 in Fighting
   908 | D:3      | Noticed Ijyb
   942 | D:3      | Killed Ijyb
   966 | D:3      | Found a glowing drain.
  1002 | Sewer    | Entered a sewer
  1050 | Sewer    | Reached XP level 5. HP: 27/33 MP: 9/9
  1093 | Sewer    | Noticed Purgy
  1130 | Sewer    | Killed Purgy
  1130 | Sewer    | Reached skill level 1 in Short Blades
  1130 | Sewer    | Reached skill level 1 in Conjurations
  1327 | D:3      | Reached XP level 6. HP: 31/38 MP: 8/10
  1328 | D:3      | Noticed Robin
  1350 | D:3      | Killed Robin
  1386 | D:3      | Learned a level 4 spell: Petrify
  1388 | D:3      | Found a runed door.
  1413 | D:3      | Reached skill level 1 in Shields
  1624 | D:3      | Noticed Crazy Yiuf
  1633 | D:3      | Killed Crazy Yiuf
  1662 | D:4      | Noticed Duvessa
  1662 | D:4      | Noticed Dowan
  1820 | D:4      | Killed Duvessa
  1820 | D:4      | Reached XP level 7. HP: 13/45 MP: 0/12
  1933 | D:4      | Killed Dowan
  2026 | D:4      | Noticed jaiteiro's ghost (novice CeFi)
  2099 | D:5      | Entered Level 5 of the Dungeon
  2251 | D:5      | Reached skill level 1 in Evocations
  2430 | D:4      | Reached XP level 8. HP: 50/50 MP: 0/14
  2536 | D:4      | Killed from afar by an orc priest

Skill      XL: |  1  2  3  4  5  6  7 |
---------------+----------------------+-----
Stealth        | 3 4 |  4.9
Fighting       | 1 2 |  2.1
Short Blades   | 1 2 |  2.4
Spellcasting   | 3 4 |  4.3
Conjurations   | 1 2 |  2.2
Shields        | 1 |  1.9
Transmutations | 2 |  2.4
Earth Magic    | 4 |  4.8
Evocations     | 1 |  1.3
Dodging        | |  2.8

Action                   |  1- 3 |  4- 6 |  7- 9 || total
-------------------------+-------+-------+-------++-------
Melee: Short sword       |    25 |    61 |     4 ||    90
       Constrict         |     4 |     9 |       ||    13
       Tentacles         |     2 |     2 |       ||     4
       Unarmed           |     1 |       |       ||     1
 Fire: Shortbow          |       |    72 |    22 ||    94
 Cast: Sandblast         |    20 |    37 |    32 ||    89
       Petrify           |       |     1 |       ||     1
       Stone Arrow       |       |       |     4 ||     4
Evoke: Wand              |       |     2 |     1 ||     3
  Use: Scroll            |       |     3 |       ||     3
       Potion            |       |     3 |       ||     3
 Stab: Sleeping          |     2 |     6 |     1 ||     9
       Distracted        |       |     1 |       ||     1
       Petrified         |       |     2 |       ||     2
  Eat: Chunk             |       |     3 |     3 ||     6
Armor: Skin              |     2 |     8 |       ||    10
Dodge: Dodged            |    16 |    49 |    10 ||    75
